 Dungeon Crawl Stone Soup version 0.31.0-1-g2c135a008e (webtiles) character file.

Game seed: 8449514560660491162

222 qw the Shooter (level 6, -2/46 HPs)
             Began as a Djinni Hunter on Jan 23, 2024.
             Slain by a gnoll
             ... wielding a +0 flail
              (7 damage)
             ... on level 4 of the Dungeon.
             The game lasted 00:00:06 (1865 turns).

qw the Shooter (Djinni Hunter)                      Turns: 1865, Time: 00:00:07

Health: -2/46      AC:  5    Str: 10    XL:     6   Next: 19%
Gold:   32         EV: 12    Int:  8    God:
                   SH:  0    Dex: 25

rFire   + + .        a - +0 shortbow
rCold   x . .        (shield currently unavailable)
rNeg    . . .        h - +0 ring mail
rPois   inf          (no helmet)
rElec   .            (no cloak)
rCorr   .            (no gloves)
SInv    .            (boots unavailable)
Will    .....        (no amulet)
Stlth   ++           e - +6 ring of dexterity
HPRegen 0.27/turn    (no ring)
MPRegen 0.00/turn

%: random rage (3%), infuse magic (-3 HP)
@: flying
A: sickness immunity, fire resistance 2, cold vulnerability 1, float, innate
caster, HP casting, extra vitality 1, berserk 1, dopey 1, screaming 1
a: no special abilities


You were on level 4 of the Dungeon.
You visited 1 branch of the dungeon, and saw 5 of its levels.

You collected 60 gold pieces.
You spent 28 gold pieces at shops.


Innate Abilities, Weirdness & Mutations

You are immune to sickness and miasma.
You are immune to poison.
Your flesh is very heat resistant. (rF++)
You are vulnerable to cold. (rC-)
You float through the air rather than walking.
You learn spells naturally, not from books.
Your magical power is your life essence.
You have superior vitality. (+4 MHP)
You sometimes lose your temper in combat.
You are dopey. (Int -2)
You occasionally shout uncontrollably at your foes.


   Skills:
 - Level 3.1 Fighting
 + Level 4.9 Ranged Weapons
 - Level 1.1 Armour
 - Level 3.1 Dodging
 - Level 0.7 Stealth


You knew the following spells:

 Your Spells              Type           Power      Damage    Failure   Level
a - Sting                 Conj/Alch      0%         1d3       73%         1
b - Jinxbite              Hex            0%         N/A       86%         2
Your spell library was empty.

Inventory:

Hand Weapons
 a - a +0 shortbow (weapon)
Armour
 h - a +0 ring mail (worn)
Jewellery
 e - a +6 ring of dexterity (left hand)
Potions
 d - a potion of resistance
 i - a potion of curing {unknown}

Dungeon Overview and Level Annotations

Branches:
Dungeon (5/15)
 Temple: D:4-7

Altars:
Elyvilon

Shops:
D:1 (   D:2 ?


Message History

You shoot an arrow. The arrow hits the gnoll.
The gnoll is lightly wounded.
The gnoll barely misses you. The gnoll hits you with a +0 flail!
The gnoll hits you but does no damage.
You shoot an arrow. The arrow hits the gnoll.
The gnoll is heavily wounded.
The gnoll hits you from afar with a +0 spear.
The gnoll barely misses you. The gnoll hits you with a +0 flail.
You shoot an arrow. The arrow hits the gnoll.
The gnoll is severely wounded.
The gnoll hits you with a +0 flail. x2
The gnoll hits you from afar with a +0 spear.
The gnoll barely misses you. The gnoll closely misses you. x2
1859 ||| DRINKING potion of heal wounds.
You feel much better.
The gnoll closely misses you. x2; The gnoll hits you with a +0 flail.
You shoot an arrow.
The arrow hits the gnoll but does no damage.
The gnoll is severely wounded.
The gnoll hits you from afar with a +0 spear.
The gnoll hits you with a +0 flail. The gnoll barely misses you.
You shoot an arrow. The arrow hits the gnoll.
You kill the gnoll!
The gnoll closely misses you. The gnoll hits you with a +0 flail.
You shoot an arrow. The arrow barely misses the gnoll.
The gnoll hits you with a +0 flail.
The gnoll hits you from afar with a +0 spear.
You shoot an arrow.
The arrow hits the gnoll but does no damage.
The gnoll hits you with a +0 flail!
The gnoll hits you from afar with a +0 spear. x2
The gnoll hits you but does no damage.
You shoot an arrow. The arrow hits the gnoll.
The gnoll is lightly wounded.
The gnoll hits you from afar with a +0 spear.
The gnoll misses you.
You shoot an arrow. The arrow hits the gnoll!
The gnoll is almost dead.
The gnoll hits you but does no damage. The gnoll hits you with a +0 flail!
You die...

..............
.............#
.............+
.............#
.............#
.............#
.............#
#.@)....#
+.g.....#
#..)g...#
#)......#
..........
...........
...........
............


You could see 2 gnolls.

Vanquished Creatures
  A black bear (D:5)
  A jelly (D:5)
  2 gnolls (D:4)
  4 adders
  7 orcs
  2 ball pythons (D:2)
  3 endoplasms (D:1)
  A giant cockroach (D:1)
  5 goblins
  7 hobgoblins
  3 kobolds
  6 quokkas
  2 frilled lizards
  2 rats
46 creatures vanquished.

Notes
Turn   | Place    | Note
-------+----------+-------------------------------------------
     0 | D:1      | qw the Djinni Hunter began the quest for the Orb.
     0 | D:1      | Reached XP level 1. HP: 18/18 MP: 0/0
     0 | D:1      | 0 ||| qw: Version: 0.3-a-135-gb77e89d
     0 | D:1      | 0 ||| qw: Game counter: 967
     0 | D:1      | 0 ||| qw: Melee chars always use a shield: true
     0 | D:1      | 0 ||| qw: God list: Okawaru
     0 | D:1      | 0 ||| qw: Allow faded altars: false
     0 | D:1      | 0 ||| qw: Do Orc after clearing Dungeon:15 true
     0 | D:1      | 0 ||| qw: Do second Lair branch before Depths: true
     0 | D:1      | 0 ||| qw: Lair rune preference: random
     0 | D:1      | 0 ||| qw: Goals: Normal
     0 | D:1      | 0 ||| PLANNING D:1-11
   212 | D:1      | Found Pabat's Antique Weapon Shop.
   227 | D:1      | 227 ||| SHOPLISTING runed orcbow (149 gold, have 17).
   227 | D:1      | 227 ||| SHOPLISTING runed sling (103 gold, have 17).
   252 | D:1      | Reached XP level 2. HP: 23/23 MP: 0/0
   709 | D:1      | 709 ||| UPGRADING to +0 ring mail.
   719 | D:1      | 719 ||| DROPPING +0 leather armour.
   720 | D:1      | 720 ||| UPGRADING to +6 ring of dexterity.
   721 | D:1      | 721 ||| READING scroll labelled SEEDYL BAEFUM.
   721 | D:1      | 721 ||| IDENTIFYING orange potion
   722 | D:1      | 722 ||| READING scroll labelled LUEGUAR UFUTA.
   723 | D:1      | 723 ||| READING scroll labelled POUNUR JIMAG.
   724 | D:1      | 724 ||| READING 3 scrolls labelled NAABBU DADUWKI.
   725 | D:1      | 725 ||| DROPPING scroll of butterflies.
   726 | D:1      | 726 ||| DROPPING 2 scrolls of blinking.
   945 | D:2      | Found a white marble altar of Elyvilon.
   976 | D:2      | Found Omioth's Magic Scroll Shoppe.
   982 | D:2      | 982 ||| SHOPLISTING 3 scrolls of teleportation (126 gold,
                  | have 36).
   982 | D:2      | 982 ||| BUYING scroll of identify (28 gold).
   982 | D:2      | Bought a scroll of identify for 28 gold pieces
   982 | D:2      | 982 ||| SHOPLISTING scroll of identify (28 gold, have 8).
  1012 | D:2      | Reached XP level 3. HP: 28/28 MP: 0/0
  1012 | D:2      | Learned a level 1 spell: Sting
  1028 | D:2      | Reached skill level 4 in Ranged Weapons
  1091 | D:2      | Reached skill level 1 in Armour
  1133 | D:2      | Found a faded altar of an unknown god.
  1257 | D:2      | Reached XP level 4. HP: 33/34 MP: 0/0
  1388 | D:2      | 1388 ||| READING 2 scrolls of identify.
  1388 | D:2      | 1388 ||| IDENTIFYING smoky ruby potion
  1389 | D:2      | 1389 ||| DRINKING potion of mutation.
  1389 | D:2      | Gained mutation: You sometimes lose your temper in combat.
                  | [potion of mutation]
  1389 | D:2      | Gained mutation: You have hidden genetic defects. [potion
                  | of mutation]
  1390 | D:2      | 1390 ||| READING scroll of identify.
  1390 | D:2      | 1390 ||| IDENTIFYING clear potion
  1391 | D:2      | 1391 ||| DRINKING 2 smoky clear potions.
  1392 | D:2      | 1392 ||| DROPPING potion of attraction.
  1404 | D:3      | 1404 ||| STAIRDANCE
  1496 | D:3      | Gained mutation: You occasionally shout uncontrollably at
                  | your foes. [hidden defects]
  1565 | D:3      | Reached skill level 3 in Dodging
  1571 | D:3      | Gained mutation: You are dopey. (Int -2) [hidden defects]
  1571 | D:3      | Lost mutation: You have hidden genetic defects. [hidden
                  | defects expressed]
  1609 | D:3      | You are sucked into a shaft and drop 2 floors!
  1609 | D:5      | Entered Level 5 of the Dungeon
  1631 | D:5      | Reached skill level 3 in Fighting
  1631 | D:5      | Reached XP level 5. HP: 40/40 MP: 0/0
  1631 | D:5      | Learned a level 2 spell: Jinxbite
  1649 | D:5      | 1649 ||| READING scroll labelled GOBYPR VOXUKIYPH.
  1755 | D:5      | Noticed a black bear
  1763 | D:5      | Killed a black bear
  1764 | D:5      | Reached XP level 6. HP: 24/46 MP: 0/0
  1858 | D:4      | HP: 10/46 [gnoll/+0 flail (2)]
  1858 | D:4      | HP: 4/46 [gnoll/+0 spear (6)]
  1859 | D:4      | 1859 ||| DRINKING potion of heal wounds.
  1863 | D:4      | HP: 6/46 [gnoll/+0 spear (6)]
  1865 | D:4      | Slain by a gnoll

Levels and vault maps discovered:
D:1:      dpeg_arrival_houses_and_road, layout_basic, serial_shops,
          nicolae_shop_tiny_glass
D:2:      layout_basic, serial_shops, shop,
          shapermc_ecumenical_altar_mp_urbaneastern, basic_altar
D:3:      layout_basic, mainiacjoe_overflow_surrounded_room,
          minmay_goblin_outpost
D:4:      layout_gridville, st_stairs_12, chequers_avenue
D:5:      layout_cave_pools, mainiacjoe_overflow_chevrons,
          mainiacjoe_overflow_brackets

Skill      XL: |  1  2  3  4 |
---------------+-------------+-----
Ranged Weapons | 4 |  4.9
Armour         | 1 |  1.1
Dodging        | 3 |  3.1
Fighting       | 3 |  3.1
Stealth        | |  0.7

Action                     |  1- 3 |  4- 6 || total
---------------------------+-------+-------++-------
   Fire: Shortbow          |    73 |    65 ||   138
    Use: Scroll            |     4 |     3 ||     7
         Potion            |       |     3 ||     3
 Armour: Leather armour    |     6 |       ||     6
         Ring mail         |    10 |    45 ||    55
  Dodge: Dodged            |    20 |    37 ||    57

Table legend:
 A = Non-vault XP
 B = Vault XP
 C = Vault XP percentage of total XP
 D = Non-vault monster count
 E = Vault monster count
 F = Vault count percentage of total count
                 A         B        C        D         E       F
            +---------+---------+-------+---------+---------+-------
      Total |     306 |      12 |   3.8 |      40 |       6 |  13.0
            +---------+---------+-------+---------+---------+-------
        D:1 |      18 |       0 |   0.0 |      10 |       0 |   0.0
        D:2 |      56 |       0 |   0.0 |      18 |       0 |   0.0
        D:3 |      25 |      12 |  32.4 |       5 |       6 |  54.5
        D:4 |      28 |       0 |   0.0 |       2 |       0 |   0.0
        D:5 |     179 |       0 |   0.0 |       5 |       0 |   0.0
            +---------+---------+-------+---------+---------+-------
